Map: Automaton LE

Players

DeathJester

  • Race: Protoss Protoss
  • League: Platinum
  • Spawn Location: 3:00

A.I. 1 (Very Easy) - Winner!

  • Race: Zerg Zerg
  • Spawn Location: 9:00

VOD

Have the link to the VOD?

Description

test

Time

  • Played on: March 2, 2019, 10:50 a.m.
  • Length: 4:10
Show
View Real Time Build Order
Export as new Build Order

DeathJester Protoss 

Build Orders:  

Get SALT Encoding   

  12  0:03  Probe  
  13  0:17  Pylon, Probe  
  14  0:25  Probe  
  15  0:38  Gateway, Probe  
  16  0:50  Probe  
  16  0:53  Assimilator  
  17  0:57  Assimilator  
  17  0:59  Probe  
  18  1:07  Probe  
  19  1:17  Gateway  
  19  1:22  Probe  
  20  1:29  Cybernetics Core  
  20  1:34  Probe  
  21  1:46  Pylon, Probe  
  22  1:55  Pylon  
  22  2:05  Sentry  
  22  2:06  Stalker  
  26  2:17  Robotics Facility  
  26  2:27  Warp Gate  
  26  2:31  Stalker  
  26  2:36  Stalker  
  30  2:48  Pylon  
  30  2:49  Probe  
  31  3:01  Stalker  
  33  3:06  Stalker  
  33  3:09  Observer  
  36  3:29  Warp Prism  
  36  3:31  Gateway  
  38  3:38  Stalker  
Show
View Real Time Build Order
Export as new Build Order

A.I. 1 (Very Easy) Zerg - Winner!

Build Orders: Pool Only 

Get SALT Encoding   

  12  0:01  Drone  
  13  0:12  Overlord  
  13  0:18  Drone  
  14  0:37  Spawning Pool, Extractor  
  14  0:40  Drone  
  13  0:47  Drone  
  14  0:54  Overlord  
  14  1:23  Zergling x2  
  15  1:25  Queen  
  17  1:35  Roach Warren  
  17  1:37  Extractor  
  15  1:40  Drone  
  15  1:41  Zergling x2  
  17  1:47  Drone  
  18  1:58  Zergling x2  
  19  2:02  Drone  
  20  2:12  Drone  
  21  2:23  Drone  
  22  2:32  Drone  
  22  2:36  Overlord  
  23  2:39  Drone  
  24  2:46  Drone  
Tags
 
League
Platinum
Matchup
PvZ
Opening
Pool Only
Spawn Locations
Cross Positions
Add a new tag
Caveats
  • Supply blocks, unpowered buildings, or Contaminate may cause inaccurate times.
  • Supply counts are checked every 10 seconds.